 Dungeon Crawl Stone Soup version 0.26-a0-542-gbaa144ba5c (webtiles) character file.

Game seed: 10639021330861134821

9 MrRokkomies the Stinger (level 2, -1/16 HPs)
             Began as a Tengu Venom Mage on Aug 18, 2020.
             Slain by a worker ant (7 damage)
             ... on level 2 of the Dungeon.
             The game lasted 00:01:19 (812 turns).

MrRokkomies the Stinger (Tengu Venom Mage)           Turns: 812, Time: 00:01:20

Health: -1/16      AC:  5    Str:  8    XL:     2   Next: 12%
Magic:  6/6        EV: 10    Int: 15    God:
Gold:   34         SH:  0    Dex: 14    Spells: 4/5 levels left

rFire    . . .     SeeInvis .   a - +2 dagger (freeze)
rCold    . . .     Faith    .   (no shield)
rNeg     + . .     Spirit   .   g - +0 ring mail
rPois    .         Reflect  .   m - +0 hat
rElec    .         Harm     .   (no cloak)
rCorr    .                      (no gloves)
MR       .....                  (boots unavailable)
Stlth    +.........             (no amulet)
HPRegen  0.05/turn              d - ring of positive energy
MPRegen  0.10/turn              (no ring)

@: lethally poisoned (-1 -> -7)
A: beak, talons 3
a: no special abilities


You were on level 2 of the Dungeon.
You visited 1 branch of the dungeon, and saw 2 of its levels.

You collected 34 gold pieces.

Inventory:

Hand Weapons
 a - a +2 dagger of freezing (weapon)
 l - a +1 vampiric dagger
Armour
 g - a +0 ring mail (worn)
 m - a +0 hat (worn)
Jewellery
 d - a ring of positive energy (left hand)
Scrolls
 c - 3 scrolls of remove curse {unknown}
 i - a scroll of random uselessness {unknown}
 k - a scroll of identify {unknown}
Potions
 b - 2 potions of magic {unknown}
 e - a potion of might {unknown}
 f - a potion of haste {unknown}
 h - a potion of degeneration {unknown}
 j - a potion of curing {unknown}


   Skills:
 + Level 0.3 Fighting
 * Level 2.5 Dodging
 - Level 2.0 Stealth
 + Level 2.1 Spellcasting
 - Level 0.7 Transmutations
 * Level 3.2 Poison Magic


You had 4 spell levels left.
You knew the following spells:

 Your Spells              Type           Power        Failure   Level
a - Sting                 Tmut/Pois      #...         30%         1

Your spell library contained the following spells:

 Spells                   Type           Power        Failure   Level
 Poisonous Vapours        Pois/Air       #.....       47%         2
 Ignite Poison            Fire/Tmut/Pois #.......     75%         3
 Mephitic Cloud           Conj/Pois/Air  #.......     78%         3
 Olgreb's Toxic Radiance  Pois           ##......     87%         4


Dungeon Overview and Level Annotations

Branches:
Dungeon (2/15)

Altars:


Innate Abilities, Weirdness & Mutations

You have a beak for a mouth.
You have claws for feet.


Message History

The frilled lizard hisses angrily.
You hit the worker ant. You freeze the worker ant.
The worker ant is lightly wounded.
The worker ant closely misses you.
You barely miss the worker ant.
The worker ant is lightly wounded.
The worker ant bites you but does no damage.
You hit the worker ant but do no damage.
Your kick misses the worker ant.
The worker ant is lightly wounded.
The worker ant bites you.
You closely miss the worker ant.
You peck the worker ant, but do no damage.
The worker ant is lightly wounded.
The frilled lizard bites you but does no damage.
The worker ant bites you.
You are lethally poisoned!
The worker ant poisons you!
You feel sick. The worker ant bites you!
You die...

##### #...#
####+#...#######
.><....l........
.......a@######
......#+#.(...#
..... #.###.#
.... #..<# ###
#####


You could see a worker ant and a frilled lizard.

Vanquished Creatures
  4 goblins (D:1)
  A frilled lizard (D:1)
  4 rats (D:1)
9 creatures vanquished.

Notes
Turn   | Place    | Note
-------+----------+-------------------------------------------
     0 | D:1      | MrRokkomies the Tengu Venom Mage began the quest for the
                  | Orb.
     0 | D:1      | Reached XP level 1. HP: 10/10 MP: 4/4
   562 | D:1      | Reached XP level 2. HP: 11/15 MP: 6/6
   812 | D:2      | Slain by a worker ant

Illustrated notes

Levels and vault maps discovered:
D:1:      roderic_dead_forest, layout_basic
D:2:      layout_basic, trog_butcher_becter

Action                   || total
-------------------------++-------
Melee: Hand axe          ||    11
       Dagger            ||    13
       Short sword       ||     2
       Peck              ||     2
       Kick              ||     1
Armor: Robe              ||     3
       Ring mail         ||     4
Dodge: Dodged            ||     9

Table legend: (Time is in decaauts)
 A = Elapsed time spent in this place.
 B = Non-inter-level travel time spent in this place.
 C = Inter-level travel time spent in this place.
 D = Time resting spent in this place.
 E = Time spent auto-exploring this place.
 F = Levels seen in this place.
 G = Mean time per level.
                   A        B        C        D        E       F      G
               +--------+--------+--------+--------+--------+-----+--------+
         Total |    813 |    759 |     54 |      0 |    631 |   2 |  406.5 |
       Dungeon |    813 |    759 |     54 |      0 |    631 |   2 |  406.5 |
               +--------+--------+--------+--------+--------+-----+--------+

Top non-repeatable levels by time:
     D:1: 803 daAuts
     D:2: 9 daAuts
